 Dungeon Crawl Stone Soup version 0.29-a0-520-gc852659d43 (webtiles) character file.

Game seed: 5911734467192383731

122 testman the Poker (level 5, 0/43 HPs)
             Began as a Human Monk on May 31, 2022.
             Slain by a gnoll
             ... wielding a +0 club
              (8 damage)
             ... on level 3 of the Dungeon.
             The game lasted 00:04:28 (2724 turns).

testman the Poker (Human Monk)                      Turns: 2724, Time: 00:04:29

Health: 0/43       AC:  3    Str: 13    XL:     5   Next: 27%
Magic:  5/5        EV: 13    Int: 17    God:
Gold:   96         SH:  0    Dex: 15    Spells: 4/4 levels left

rFire   . . .      SeeInvis .   a - +0 spear
rCold   . . .      Faith    .   (no shield)
rNeg    . . .      Spirit   .   b - +0 robe
rPois   .          Reflect  .   (no helmet)
rElec   .          Harm     .   (no cloak)
rCorr   .          Rampage  .   (no gloves)
Will    .....                   r - +0 pair of boots
Stlth   +.........              (no amulet)
HPRegen 0.14/turn               l - +6 ring of intelligence
MPRegen 0.09/turn               (no ring)

@: confused, ambrosia-drunk
A: no striking features
a: no special abilities


You were on level 3 of the Dungeon.
You visited 1 branch of the dungeon, and saw 3 of its levels.

You collected 96 gold pieces.

Inventory:

Hand Weapons
 a - a +0 spear (weapon)
Missiles
 m - 6 boomerangs (quivered)
Armour
 b - a +0 robe (worn)
 r - a +0 pair of boots (worn)
Jewellery
 l - a +6 ring of intelligence (left hand)
Scrolls
 d - a scroll of identify {unknown}
 e - a scroll of silence {unknown}
 h - 2 scrolls of teleportation {unknown}
 i - a scroll of enchant armour {unknown}
 j - a scroll of torment {unknown}
 k - a scroll of immolation {unknown}
 n - 2 scrolls of summoning {unknown}
 p - a scroll of fear {unknown}
 q - a scroll of magic mapping {unknown}
Potions
 c - a potion of ambrosia
 f - 5 potions of curing {unknown}
 g - a potion of flight {unknown}
 o - a potion of degeneration {unknown}
 s - a potion of heal wounds {unknown}


   Skills:
 + Level 4.4 Fighting
 + Level 4.4 Polearms
 - Level 3.0 Dodging
 - Level 2.0 Stealth


You had 4 spell levels left.
You didn't know any spells.
Your spell library was empty.

Dungeon Overview and Level Annotations

Branches:
Dungeon (3/15)

Altars:


Message History

You hit the gnoll.
You kill the gnoll!
You hit the hobgoblin.
The hobgoblin is heavily wounded.
The hobgoblin barely misses you.
You barely miss the hobgoblin.
The hobgoblin is heavily wounded.
The hobgoblin hits you.
You hit the hobgoblin but do no damage.
The hobgoblin is heavily wounded.
The hobgoblin barely misses you.
You hit the hobgoblin.
You kill the hobgoblin!
You barely miss the gnoll. The gnoll hits you with a +0 club.
You hit the gnoll.
The gnoll is lightly wounded.
The gnoll misses you.
You hit the gnoll.
The gnoll is lightly wounded.
You barely miss the gnoll.
The gnoll is lightly wounded.
The gnoll hits you with a +0 club.
* * * LOW HITPOINT WARNING * * *
You barely miss the gnoll.
The gnoll is lightly wounded.
The gnoll hits you with a +0 club.
* * * LOW HITPOINT WARNING * * *
You hit the gnoll.
The gnoll is heavily wounded.
The gnoll closely misses you.
You barely miss the gnoll.
The gnoll is heavily wounded.
The gnoll barely misses you.
You hit the gnoll but do no damage.
The gnoll is heavily wounded.
The gnoll hits you with a +0 club.
* * * LOW HITPOINT WARNING * * *
You are confused.
You feel invigorated. The gnoll hits you with a +0 club!
You die...

...#.## #.. #..#.#
###..#### #..#.# . ....
..######..#.# #. ...
..........#.## #.^##..
#.# #.......# .......
#.# #.......#
(......##.####.รท.....#
..........g@.........#
#.......#.####.......#
###.....#.)..).......#
.......#######.......#
.....## ######### #####


You could see a gnoll.

Vanquished Creatures
  5 adders
  3 gnolls (D:3)
  5 endoplasms
  A giant cockroach (D:1)
  7 goblins
  4 hobgoblins
  2 quokkas
  6 bats
  3 frilled lizards
  8 kobolds
  6 rats
50 creatures vanquished.

Notes
Turn   | Place    | Note
-------+----------+-------------------------------------------
     0 | D:1      | testman the Human Monk began the quest for the Orb.
     0 | D:1      | Reached XP level 1. HP: 18/18 MP: 1/1
    70 | D:1      | Reached XP level 2. HP: 24/24 MP: 2/2
   607 | D:1      | Reached XP level 3. HP: 20/29 MP: 3/3
  1468 | D:2      | Reached XP level 4. HP: 30/37 MP: 4/4
  2543 | D:3      | Reached XP level 5. HP: 35/42 MP: 5/5
  2724 | D:3      | Slain by a gnoll

Illustrated notes

Levels and vault maps discovered:
D:1:      amcnicky_arrival_underground_garden, layout_loops_cross,
          minmay_tree_intersection
D:2:      layout_loops_ring
D:3:      layout_loops_ring

Skill      XL: |  1  2  3  4 |
---------------+-------------+-----
Fighting       | 4 |  4.4
Polearms       | 4 |  4.4
Dodging        | |  3.0
Stealth        | |  2.0

Action                   |  1- 3 |  4- 6 || total
-------------------------+-------+-------++-------
Melee: Spear             |   117 |   112 ||   229
  Use: Potion            |       |     1 ||     1
 Stab: Sleeping          |     6 |     4 ||    10
       Distracted        |     1 |     1 ||     2
Armor: Robe              |    10 |    11 ||    21
Dodge: Dodged            |    41 |    59 ||   100

Table legend: (Time is in decaauts)
 A = Elapsed time spent in this place.
 B = Non-inter-level travel time spent in this place.
 C = Inter-level travel time spent in this place.
 D = Time resting spent in this place.
 E = Time spent auto-exploring this place.
 F = Levels seen in this place.
 G = Mean time per level.
                   A        B        C        D        E       F      G
               +--------+--------+--------+--------+--------+-----+--------+
         Total |   2702 |   2674 |     28 |    389 |   1883 |   3 |  900.7 |
       Dungeon |   2702 |   2674 |     28 |    389 |   1883 |   3 |  900.7 |
               +--------+--------+--------+--------+--------+-----+--------+

Top non-repeatable levels by time:
     D:2: 1238 daAuts
     D:1: 1127 daAuts
     D:3: 336 daAuts
